 Dungeon Crawl Stone Soup version 0.20.0-15-g7f486f2 (webtiles) character file.

16483 Reinor the Thaumaturge (level 12, -3/61 HPs)
             Began as a Spriggan Earth Elementalist on July 1, 2017.
             Was a High Priest of Vehumet.
             Splashed by an acid dragon's acid (18 damage)
             ... on level 12 of the Dungeon.
             The game lasted 01:17:20 (14360 turns).

Reinor the Thaumaturge (SpEE)                      Turns: 14360, Time: 01:17:21

Health: -3/61      AC: -2    Str:  4    XL:     12   Next: 10%
Magic:  26/45      EV: 23    Int: 21    God:    Vehumet [*****.]
Gold:   639        SH:  0    Dex: 15    Spells: 13/37 levels left

rFire    . . .     SeeInvis +   u - staff of power
rCold    + . .     Gourm    .   (shield currently unavailable)
rNeg     + + .     Faith    .   l - +2 robe {MR+}
rPois    +         Spirit   .   S - +0 hat {MR+}
rElec    +         Reflect  .   x - +1 cloak
rCorr    .         Harm     .   (gloves unavailable)
MR       ++++.                  (boots unavailable)
Stlth    ++........             s - amulet "Igaipn" {RegenMP rElec rN++ Dex-2}
Regen    0.2/turn               g - ring of poison resistance
MPRegen  0.5/turn               V - ring of protection from cold

@: corroded, very quick
A: unfitting armour, see invisible, herbivore 3, speed 3, slow metabolism 2
a: Renounce Religion


You were on level 12 of the Dungeon.
You worshipped Vehumet.
Vehumet was extremely pleased with you.
You were very hungry.

You visited 4 branches of the dungeon, and saw 15 of its levels.

You collected 877 gold pieces.
You spent 238 gold pieces at shops.

Inventory:

Hand Weapons
 I - a +0 blowgun
 T - the +6 long sword of Doom {slice, rF+ rC+ Dex-2}
   (You found it on level 10 of the Dungeon)

   It inflicts extra damage upon your enemies.
   It affects your dexterity (-2).
   It protects you from fire.
   It protects you from cold.
Missiles
 b - 243 stones (quivered)
 p - 102 poisoned needles
Armour
 l - a +2 robe of magic resistance (worn)
 x - a +1 cloak (worn)
 S - a +0 hat of magic resistance (worn)
Magical Staves
 k - an uncursed staff of conjuration
 u - an uncursed staff of power (weapon)
Jewellery
 g - a ring of poison resistance (left hand)
 s - the amulet "Igaipn" (around neck) {RegenMP rElec rN++ Dex-2}
   (You found it on level 4 of the Dungeon)

   [amulet of magic regeneration]

   It increases your magic regeneration.
   It affects your dexterity (-2).
   It insulates you from electricity.
   It greatly protects you from negative energy.
 w - an uncursed ring of flight
 R - an uncursed amulet of magic regeneration {unknown}
 V - a ring of protection from cold (right hand)
Wands
 y - a wand of polymorph (15/24)
 H - a wand of polymorph (6/24)
 K - a wand of lightning (3/15)
 L - a wand of digging (12/24)
 M - a wand of lightning (10/15)
 U - a wand of iceblast (6/15)
 X - a wand of polymorph (6/24)
Scrolls
 j - 3 scrolls of fear
 n - 2 scrolls of enchant weapon
 o - 2 scrolls of remove curse
 v - 12 scrolls of teleportation
 z - 4 scrolls of blinking
 B - 2 scrolls of magic mapping
 D - 3 scrolls of amnesia
 E - a scroll of identify
 G - a scroll of vulnerability
 J - 2 scrolls of recharging
 W - 2 scrolls of fog
Potions
 a - 2 potions of invisibility
 c - a potion of might
 e - a potion of resistance
 f - a potion of berserk rage
 h - 3 potions of curing
 i - 2 potions of magic
 m - a potion of cancellation
 r - 3 potions of haste
 t - 5 potions of lignification
 C - 2 potions of flight
 F - 2 potions of brilliance
 O - a potion of mutation {unknown}
 P - 3 potions of heal wounds
Books
 A - a book of Misfortune

   Spells                             Type                      Level
   a - Confusing Touch                Hexes                        1
   b - Confuse                        Hexes                        3
   c - Gell's Gravitas                Translocation                3
   d - Petrify                        Transmutation/Earth          4
   e - Metabolic Englaciation         Hexes/Ice                    5
   f - Yara's Violent Unravelling     Hexes/Transmutation          5
 Q - a book of Spatial Translocations

   Spells                             Type                      Level
   a - Blink                          Translocation                2
   b - Shroud of Golubria             Charms/Translocation         2
   c - Lesser Beckoning               Translocation                3
   d - Gell's Gravitas                Translocation                3
   e - Teleport Other                 Translocation                3
   f - Passage of Golubria            Translocation                4
Comestibles
 d - 6 bread rations
 q - 10 fruits
 N - 9 royal jellies


   Skills:
 - Level 6.0 Fighting
 - Level 8.0 Dodging
 - Level 3.0 Stealth
 + Level 13.0 Spellcasting
 - Level 4.0 Conjurations
 + Level 8.8 Transmutations
 + Level 10.5 Earth Magic


You had 13 spell levels left.
You knew the following spells:

 Your Spells              Type           Power        Failure   Level  Hunger
a - Sandblast             Erth           ######       1%          1    None
b - Passwall              Tmut/Erth      ######....   1%          2    None
c - Stone Arrow           Conj/Erth      #####.       1%          3    None
d - Petrify               Tmut/Erth      ######..     1%          4    None
e - Lee's Rapid Deconstr  Erth           ######....   1%          5    ####...
f - Blink                 Tloc           N/A          7%          2    None
g - Conjure Flame         Conj/Fire      ###.....     1%          3    None
h - Force Lance           Conj/Tloc      ###.....     5%          4    None


Dungeon Overview and Level Annotations

Branches:
Dungeon (12/15)            Temple (1/1) D:4            Lair (1/6) D:8
    Orc (1/2) D:10

Altars:
Ashenzari
Cheibriados
Dithmenos
Elyvilon
Fedhas
Gozag
Hepliaklqana
Kikubaaqudgha
Makhleb
Nemelex Xobeh
Okawaru
Ru
Sif Muna
Trog
Uskayaw
Vehumet
Xom
Yredelemnul
Zin

Shops:
D:6 (   D:12 :?*

Annotations:
D:4 Duvessa
D:12 1 runed door


Innate Abilities, Weirdness & Mutations

You are very small and have problems with some larger weapons.
You are too small for most types of armour.
You have supernaturally acute eyesight. (SInv)
You are a herbivore.
You cover ground extremely quickly.
You need consume almost no food.


Message History

The arrow completely misses you. 2 centaurs come into view.
Casting: Stone Arrow
Confirm with . or Enter, or press ? or * to list all spells.
Aiming: Stone Arrow
Press: ? - help, Shift-Dir - straight line, f/p - two-headed ogre
Aim: a two-headed ogre, wielding a great mace and a giant club (almost dead)
The stone arrow hits the two-headed ogre.
You kill the two-headed ogre!
Vehumet accepts your kill.
You feel your power returning.
Your Spellcasting skill increases to level 13!
The centaur shouts!
The centaur shoots an arrow.
The arrow hits you!
The centaur moves out of view.
The centaur shoots an arrow.
The arrow closely misses you. The acid dragon spits acid at you.
The splash of acid hits you!
* * * LOW HITPOINT WARNING * * *
The acid corrodes you!
You are splashed with acid!
The acid burns!
You die...

...# #.........###.# * ...##
###...........# * ....#
######O.###.##### .(..# #.##
#...... #...########## ####.#
#..(.,, #.#..........#
#.D..####.#.###
.∩.....#####.######)####....#....
#.####.####......................
#.##.....#######@#..###.####....#
..........## #...........)..###
####.......## #.(.####.##<†..#**
#......∩.## #.(......#.)##....
#.....##..# #...÷......#######
#.....###.###..#####...###****
#.....# #.....##,,,###...#*,,,
#.....# #..#c##,,,,,*#####,,,,
#..#### #..#.#,,,,,,,*,,*,,,,,


You could see an acid dragon and a centaur.

Vanquished Creatures
  4 two-headed ogres
  The ghost of odd2k the Eclecticist, a journeyman DEWz of Sif Muna (D:9)
  A deep elf mage (D:12)
  An orc knight (D:11)
  A manticore (D:11)
  Joseph (D:7)
  A kobold demonologist (D:11)
  A komodo dragon (D:8)
  4 trolls
  Grinder (D:4)
  4 hippogriffs
  Sigmund (D:4)
  10 spriggans (D:9)
  Eustachio (D:4)
  2 wyverns
  A steam dragon (D:12)
  3 vampire mosquitoes (D:12)
  Edmund (D:6)
  3 water moccasins
  12 orc warriors
  2 ice beasts (D:9)
  2 sky beasts (D:6)
  3 black bears
  4 phantoms
  An eye of draining (D:9)
  A necrophage (D:9)
  7 ogres
  2 centaurs
  9 bullfrogs
  A gnoll sergeant (D:6)
  Dowan (D:4)
  4 scorpions
  5 killer bees (D:9)
  3 wights (D:8)
  5 howler monkeys
  A crimson imp (D:8)
  3 quasits
  2 centaur zombies
  5 hounds
  6 jellies
  11 orc priests
  2 bullfrog skeletons
  8 orc wizards
  2 centaur skeletons
  A gnoll shaman (D:6)
  7 worker ants
  5 iguanas
  A hound zombie (D:6)
  2 hound skeletons
  A howler monkey zombie (D:7)
  11 adders
  18 gnolls
  7 oozes
  4 worms
  3 dart slugs (D:1)
  8 leopard geckos
  46 orcs
  9 bats
  3 giant cockroaches
  8 goblins
  15 hobgoblins
  3 jackals (D:2)
  3 quokkas
  A ball python (D:2)
  7 frilled lizards
  16 kobolds
  A leopard gecko zombie (D:6)
  A quokka skeleton (D:5)
  8 rats
333 creatures vanquished.

Vanquished Creatures (others)
  4 plants
4 creatures vanquished.

Grand Total: 337 creatures vanquished

Notes
Turn   | Place    | Note
-------+----------+-------------------------------------------
     0 | D:1      | Reinor the Spriggan Earth Elementalist began the quest for the Orb.
     0 | D:1      | Reached XP level 1. HP: 9/9 MP: 5/5
   187 | D:1      | Reached XP level 2. HP: 13/13 MP: 4/6
   239 | D:1      | Learned a level 2 spell: Passwall
  1334 | D:1      | Reached XP level 3. HP: 15/16 MP: 4/8
  1502 | D:2      | Found a faded altar of an unknown god.
  1724 | D:2      | Reached skill level 3 in Spellcasting
  1838 | D:2      | Reached skill level 5 in Dodging
  1838 | D:2      | Reached XP level 4. HP: 14/21 MP: 0/9
  3535 | D:4      | Reached skill level 4 in Spellcasting
  3535 | D:4      | Reached XP level 5. HP: 21/24 MP: 8/12
  3576 | D:4      | Found a staircase to the Ecumenical Temple.
  3585 | Temple   | Entered the Ecumenical Temple
  3657 | Temple   | Became a worshipper of Vehumet
  3893 | D:4      | Got a twitching ruby amulet
  3898 | D:4      | Identified the amulet "Igaipn" {RegenMP rElec rN++ Dex-2} (You found it on level 4 of the Dungeon)
  3905 | D:4      | Noticed a phantom
  3914 | D:4      | Killed a phantom
  3914 | D:4      | Reached XP level 6. HP: 25/28 MP: 7/13
  3939 | D:4      | Noticed Duvessa
  3939 | D:4      | Noticed Dowan
  4255 | D:4      | Killed Dowan
  4534 | D:4      | Noticed Grinder
  4540 | D:4      | Paralysed by Grinder for 3 turns
  4544 | D:4      | Paralysed by Grinder for 5 turns
  4557 | D:4      | Killed Grinder
  4557 | D:4      | Reached skill level 5 in Spellcasting
  4557 | D:4      | Reached XP level 7. HP: 32/32 MP: 16/16
  4736 | D:4      | Noticed Eustachio
  4910 | D:4      | Killed Eustachio
  4910 | D:4      | Reached skill level 5 in Earth Magic
  4950 | D:4      | Learned a level 3 spell: Stone Arrow
  4955 | D:4      | Learned a level 4 spell: Petrify
  4961 | D:4      | Learned a level 5 spell: Lee's Rapid Deconstruction
  4987 | D:4      | Reached skill level 6 in Spellcasting
  5220 | D:4      | Noticed Sigmund
  5228 | D:4      | Killed Sigmund
  5330 | D:5      | Entered Level 5 of the Dungeon
  5332 | D:5      | Reached skill level 1 in Conjurations
  5337 | D:5      | Reached XP level 8. HP: 36/36 MP: 18/18
  5554 | D:5      | Reached * piety under Vehumet
  5554 | D:5      | Offered knowledge of Flame Tongue by Vehumet.
  5597 | D:5      | Learned a level 2 spell: Blink
  5657 | D:5      | Learned a level 3 spell: Conjure Flame
  5775 | D:5      | Reached skill level 7 in Spellcasting
  6109 | D:6      | Found Keptesk's Weapon Shoppe.
  6280 | D:6      | Reached skill level 5 in Transmutations
  6573 | D:6      | Reached ** piety under Vehumet
  6573 | D:6      | Offered knowledge of Throw Flame by Vehumet.
  6701 | D:6      | Reached XP level 9. HP: 31/39 MP: 21/21
  6725 | D:6      | Reached skill level 8 in Spellcasting
  7555 | D:6      | Offered knowledge of Static Discharge by Vehumet.
  7775 | D:6      | Noticed Edmund
  7786 | D:6      | Killed Edmund
  7786 | D:6      | Reached skill level 1 in Fighting
  8154 | D:7      | Found a bloodstained altar of Trog.
  8241 | D:7      | Reached skill level 9 in Spellcasting
  8296 | D:7      | Noticed Joseph
  8707 | D:7      | Killed Joseph
  8707 | D:7      | Reached *** piety under Vehumet
  9307 | D:8      | Reached XP level 10. HP: 45/49 MP: 24/24
  9389 | D:8      | Noticed a two-headed ogre
  9407 | D:8      | Killed a two-headed ogre
  9407 | D:8      | Reached skill level 10 in Spellcasting
  9646 | D:8      | Offered knowledge of Throw Icicle by Vehumet.
  9856 | D:8      | Found a staircase to the Lair.
  9901 | Lair:1   | Entered Level 1 of the Lair of Beasts
 10021 | D:9      | Noticed odd2k's ghost (journeyman DEWz)
 10033 | D:9      | Killed odd2k's ghost
 10163 | D:9      | Reached skill level 11 in Spellcasting
 10176 | D:9      | Reached skill level 5 in Fighting
 10463 | D:9      | Noticed a two-headed ogre
 10475 | D:9      | Killed a two-headed ogre
 10475 | D:9      | Reached XP level 11. HP: 56/56 MP: 27/27
 10510 | D:9      | Reached **** piety under Vehumet
 10630 | D:9      | Offered knowledge of Inner Flame by Vehumet.
 11478 | D:9      | Reached skill level 12 in Spellcasting
 11551 | D:10     | Entered Level 10 of the Dungeon
 11554 | D:10     | Found a staircase to the Orcish Mines.
 11570 | D:10     | Reached ***** piety under Vehumet
 11659 | Orc:1    | Entered Level 1 of the Orcish Mines
 11659 | Orc:1    | Noticed an orc knight
 11659 | Orc:1    | Noticed an orc knight
 11659 | Orc:1    | Noticed an enchanted long sword
 11685 | D:10     | Learned a level 4 spell: Force Lance
 11749 | D:10     | Offered knowledge of Fireball by Vehumet.
 11948 | D:10     | Got a jewelled dagger
 11956 | D:10     | Got a dazzling long sword
 11960 | D:10     | Identified the +6 dagger of Valour {flame, +Blink +Fly Str+2} (You found it on level 10 of the Dungeon)
 11962 | D:10     | Identified the +6 long sword of Doom {slice, rF+ rC+ Dex-2} (You found it on level 10 of the Dungeon)
 12723 | D:11     | Noticed an orc knight
 12745 | D:11     | Killed an orc knight
 12938 | D:11     | Reached skill level 10 in Earth Magic
 13391 | D:12     | Found a runed door.
 13406 | D:12     | Noticed a deep elf mage
 13508 | D:12     | Noticed a two-headed ogre
 13524 | D:12     | Killed a two-headed ogre
 13547 | D:12     | Killed a deep elf mage
 13751 | D:12     | Found Feukh's General Store.
 13753 | D:12     | Found a runed door.
 13757 | D:12     | Bought a potion of brilliance for 72 gold pieces
 13757 | D:12     | Bought a potion of heal wounds for 90 gold pieces
 13757 | D:12     | Bought a scroll of identify for 36 gold pieces
 13890 | D:12     | Found Vomy's Magic Scroll Shop.
 13894 | D:12     | Bought a scroll of identify for 20 gold pieces
 13894 | D:12     | Bought a scroll of identify for 20 gold pieces
 13903 | D:12     | Found Wonubic's Book Boutique.
 14104 | D:12     | Reached XP level 12. HP: 40/61 MP: 29/29
 14315 | D:12     | Noticed a two-headed ogre
 14357 | D:12     | Killed a two-headed ogre
 14357 | D:12     | Reached skill level 13 in Spellcasting
 14360 | D:12     | Splashed by an acid dragon's acid

Skill      XL: |  1  2  3  4  5  6  7  8  9 10 11 12 |
---------------+-------------------------------------+-----
Dodging        | 4 5 6 7 8 |  8.0
Earth Magic    | 3 4 5 6 7 9 10 | 10.5
Spellcasting   | 3 4 5 6 7 9 11 12 13 | 13.0
Transmutations | 2 5 6 8 |  8.8
Conjurations   | 1 3 4 |  4.0
Fighting       | 3 5 6 |  6.0
Stealth        | |  3.0

Action                   |  1- 3 |  4- 6 |  7- 9 | 10-12 || total
-------------------------+-------+-------+-------+-------++-------
Melee: Unarmed           |    92 |       |       |       ||    92
       Dagger            |    38 |   184 |       |       ||   222
       Staff             |       |       |    73 |     6 ||    79
 Cast: Sandblast         |    47 |    80 |   120 |    37 ||   284
       Passwall          |     4 |       |    10 |     8 ||    22
       Stone Arrow       |       |       |   138 |   350 ||   488
       Petrify           |       |       |       |     1 ||     1
Evoke: Wand              |       |       |       |     1 ||     1
  Use: Scroll            |       |     4 |     9 |    14 ||    27
 Stab: Sleeping          |     5 |     8 |       |       ||    13
       Distracted        |       |     1 |       |       ||     1
  Eat: Royal jelly       |       |     1 |     1 |     2 ||     4
       Fruit             |       |       |     1 |       ||     1
Armor: Robe              |    20 |    14 |    16 |    23 ||    73
Dodge: Dodged            |   134 |   184 |   218 |   210 ||   746
